 Dungeon Crawl Stone Soup version 0.16.1-30-g34a7ffa (webtiles) character file.

14 Yawgmoth the Digger (level 2, -10/15 HPs)
             Began as a Gargoyle Earth Elementalist on June 13, 2015.
             Killed from afar by a wretched star (13 damage)
             ... with an orb of energy
             ... on level 1 of the Abyss.
             The game lasted 00:09:54 (1002 turns).

Yawgmoth the Digger (Gargoyle Earth Elementalist)   Turns: 1002, Time: 00:09:54

Health: -10/15     AC:  5    Str:  9    XL:     2   Next: 45%
Magic:  4/4        EV: 11    Int: 13    God:
Gold:   97         SH:  0    Dex:  8    Spells: 1 memorised, 4 levels left

rFire  + . .     SeeInvis .     (no weapon)
rCold  + . .     Rnd*Rage +     t - +0 robe {rC+ rF+}
rNeg   + + .     SustAb   .     (no shield)
rPois  ∞         Gourm    .     (no helmet)
rElec  +         Spirit   .     w - +0 cloak
rCorr  .         Warding  .     (no gloves)
rMut   .         Stasis   .     (no boots)
MR     .....                    (no amulet)
Stlth  ++........               (no ring)
                                f - ring of positive energy

@: not resistant to hostile enchantments, unstealthy
A: berserk 2, clumsy 1, dopey 1, low mp 1, negative energy resistance 1,
electricity resistance, weak 1, unbreathing, petrification resistance, no device
heal 1, rot immunity, forlorn, MP-powered wands 1, AC +2
a: no special abilities


You were on level 1 of the Abyss.
You were not hungry.

You visited 1 branch of the dungeon, and saw 1 of its levels.
You visited the Abyss 1 time.

You collected 97 gold pieces.

Inventory:

Hand weapons
 h - a +0 hunting sling
 m - a +3 hand axe of distortion
Missiles
 b - 122 stones
 e - 21 sling bullets
 l - 4 tomahawks (quivered)
Armour
 c - a +0 robe
 g - a +0 robe
 t - a +0 robe of resistance (worn)
 w - a +0 cloak (worn)
Jewellery
 f - a ring of positive energy (left hand)
Scrolls
 i - a scroll of immolation {unknown}
 j - a scroll of teleportation {unknown}
 o - a scroll of magic mapping {unknown}
 p - 3 scrolls of amnesia {unknown}
 q - a scroll of enchant armour {unknown}
 s - a scroll of fog {unknown}
Potions
 n - a potion of curing {unknown}
 r - a potion of brilliance {unknown}
Books
 d - a book of Geomancy

   Spells                             Type                      Level
   a - Sandblast                      Earth                        1
   b - Stoneskin                      Transmutation/Earth          2
   c - Passwall                       Transmutation/Earth          3
   d - Stone Arrow                    Conjuration/Earth            3
   e - Petrify                        Transmutation/Earth          4
   f - Lee's Rapid Deconstruction     Earth                        5
Comestibles
 a - a bread ration
 k - a meat ration
 u - a beef jerky
 v - a chunk of flesh
 x - a slice of pizza


   Skills:
 - Level 1.5 Dodging
 - Level 2.1 Stealth
 + Level 2.3 Spellcasting
   Level 0.7 Transmutations
 + Level 4.2 Earth Magic


You had 4 spell levels left.
You knew the following spells:

 Your Spells              Type           Power        Failure   Level  Hunger
a - Sandblast             Erth           ##....       6%          1    #......


Dungeon Overview and Level Annotations

Branches:
Dungeon (1/15)

Altars:


Innate Abilities, Weirdness & Mutations

You are resistant to torment.
You are immune to poison.
Your stone body is very resilient (AC +2).
You resist negative energy.
You are resistant to electric shocks.
You can survive without breathing.
You are immune to petrification.
You are immune to rotting.
[You often lose your temper in combat.]
[You are clumsy. (Dex -2)]
[You are dopey. (Int -2)]
[Your magical capacity is low (-10% MP).]
[You are weak. (Str -2)]
[Potions and wands are less effective at restoring your health.]
[You have difficulty communicating with the divine.]
[You expend magic power (3 MP) to slightly strengthen your wands.]


Message History

Unknown command.
The wretched star glows turbulently.
The orb of energy misses you.
The orb of energy explodes!
The wretched star pulses with an eldritch light!
You feel forlorn.
You feel less able to contain your magic power.
You feel less energetic.
The wretched star glows turbulently.
The orb of energy hits you!
Ouch! That really hurt!
* * * LOW HITPOINT WARNING * * *
The orb of energy explodes!
The wretched star pulses with an eldritch light!
You feel clumsy.
You feel stupid.
You feel angry.
Your system partially rejects artificial healing.
A smoke demon comes into view.
The wretched star glows turbulently.
The orb of energy hits you!
Ouch! That really hurt!
You die...

.* ... ##.## #
#..≈ ### #.# .#
#... #..##.# . #..
.≈ ###.# # #3 ##
.#. *.## # .#
#.###.#. #... #
.########.##....#
#.#.#.# ..#.# #.#
#@#..####. # ... .
###.*...#..##...##
#..##..#.#..#####
. ####.###.. ...#
..##. .*#..### ..
#####.#.# .. #
###.. .#. .## .
### .##


You could see a wretched star and a smoke demon (wandering).

Vanquished Creatures
  3 bats (D:1)
  3 hobgoblins (D:1)
  4 jackals (D:1)
  A kobold (D:1)
  A rat (D:1)
12 creatures vanquished.

Notes
Turn   | Place    | Note
--------------------------------------------------------------
     0 | D:1      | Yawgmoth, the Gargoyle Earth Elementalist, began the quest for the Orb.
     0 | D:1      | Reached XP level 1. HP: 10/10 MP: 3/3
   233 | D:1      | Reached skill level 4 in Earth Magic
   233 | D:1      | Reached XP level 2. HP: 15/15 MP: 1/4
   895 | D:1      | Cast into the Abyss (a distortion unwield)
   937 | Abyss:1  | Noticed a small abomination
   944 | Abyss:1  | Noticed a smoke demon
   974 | Abyss:1  | Noticed a wretched star
  1002 | Abyss:1  | Noticed a smoke demon
  1002 | Abyss:1  | Killed from afar by a wretched star

Action                   || total
-------------------------++-------
Melee: Unarmed           ||     3
       Hand axe          ||     4
 Fire: Hunting sling     ||    16
Throw: Tomahawk          ||    15
 Cast: Sandblast         ||     9
